 Dungeon Crawl Stone Soup version 0.30.1-9-gdf580d7c3d (webtiles) character file.

Game seed: 10795983252634242612

305 pop123321pop the Poker (level 5, -4/42 HPs)
             Began as a Demigod Fighter on Sept 30, 2023.
             Succumbed to a kobold brigand's poison
             ... on level 3 of the Dungeon.
             The game lasted 00:02:36 (2352 turns).

pop123321pop the Poker (Demigod Fighter)            Turns: 2352, Time: 00:02:36

Health: -4/42      AC:  8    Str: 17    XL:     5   Next: 92%
Magic:  7/7        EV:  9    Int: 10    God:
Gold:   173        SH: 10    Dex: 17    Spells: 4/4 levels left

rFire   . . .        a - +0 trident
rCold   . . .        c - +0 buckler
rNeg    . . .        b - +0 scale mail
rPois   .            m - +0 helmet
rElec   .            (no cloak)
rCorr   .            s - +0 pair of gloves
SInv    .            (no boots)
Will    +....        k - amulet of reflection Stlth
                     f - ring of willpower
HPRegen 0.27/turn    (no ring)
MPRegen 0.10/turn

%: reflection
@: lethally poisoned (-4 -> -25)
A: high MP 1, forlorn, divine attributes
a: no special abilities


You were on level 3 of the Dungeon.
You visited 1 branch of the dungeon, and saw 3 of its levels.

You collected 173 gold pieces.

Inventory:

Hand Weapons
 a - a +0 trident (weapon)
Armour
 b - a +0 scale mail (worn)
 c - a +0 buckler (worn)
 m - a +0 helmet (worn)
 s - a +0 pair of gloves (worn)
Jewellery
 e - a +6 ring of intelligence
 f - a ring of willpower (left hand)
 k - an amulet of reflection (around neck)
 o - a ring of positive energy
Scrolls
 g - a scroll of teleportation
 i - a scroll of enchant armour {unknown}
 j - a scroll of brand weapon {unknown}
 n - a scroll of magic mapping {unknown}
 q - a scroll of poison {unknown}
 u - 3 scrolls of amnesia {unknown}
Potions
 d - a potion of curing
 l - a potion of degeneration {unknown}
 p - a potion of magic {unknown}
 r - a potion of brilliance {unknown}
 t - a potion of haste {unknown}


   Skills:
 - Level 2.6 Fighting
 * Level 6.0 Polearms
 - Level 2.6 Armour
 - Level 2.6 Shields


You had 4 spell levels left.
You didn't know any spells.
Your spell library contained the following spells:

 Spells                   Type           Power      Damage    Failure   Level
 Apportation              Tloc           0%         N/A       86%         1
 Necrotise                Necr           0%         1d4       86%         1
 Shock                    Conj/Air       0%         1d3       86%         1
 Summon Small Mammal      Summ           0%         N/A       86%         1
 Poisonous Vapours        Pois/Air       0%         N/A       94%         2
 Mephitic Cloud           Conj/Pois/Air  0%         N/A       99%         3
 Swiftness                Air            0%         N/A       99%         3
 Airstrike                Air            0%         2d(0-16)  100%        4
 Animate Armour           Summ/Erth      0%         N/A       100%        4
 Blade Hands              Tmut           0%         N/A       100%        5
 Freezing Cloud           Conj/Ice/Air   0%         6-21      100%        5
 Iron Shot                Conj/Erth      0%         9d1       100%        6


Dungeon Overview and Level Annotations

Branches:
Dungeon (3/15)

Shops:
D:3 ?

Annotations:
D:3 2 transporters, jagang's ghost, amateur HOMo


Innate Abilities, Weirdness & Mutations

You have an increased reservoir of magic. (+10% MP)
You shall have no god before yourself.
Your divine heritage dramatically boosts your attributes as you level up.


Message History

You feel a shielding aura gather around you.
k - an amulet of reflection (around neck)
f - a ring of willpower (left hand)
You open the gate.
Jagang's ghost attacks as you move away!
Jagang's ghost hits you but does no damage.
The kobold brigand attacks as you move away!
The kobold brigand hits you with a +2 short sword of venom.
You are poisoned.
You feel very sick.
Jagang's ghost attacks as you move away!
Jagang's ghost closely misses you.
You feel very sick.
You feel sick.
Jagang's ghost attacks as you move away!
You block jagang's ghost's attack.
You feel sick.
Jagang's ghost whispers, "Trust me.
Just give in."
You closely miss the kobold brigand.
You feel sick.
The kobold brigand hits you with a +2 short sword of venom.
You are more poisoned.
You barely miss the kobold brigand.
You feel sick.
You hit jagang's ghost but do no damage.
You feel sick. The kobold brigand barely misses you.
Jagang's ghost closely misses you.
Jagang's ghost whispers, "You will understand me better in a moment."
Jagang's ghost hits you!
As you read the scroll of teleportation, it crumbles to dust.
You feel strangely unstable.
You feel sick. You block the kobold brigand's attack.
Jagang's ghost closely misses you. The kobold attacks as you move away!
You block the kobold's attack.
You feel sick.
The kobold brigand hits you but does no damage.
You are more poisoned.
Jagang's ghost hits you.
* * * LOW HITPOINT WARNING * * *
The kobold brigand attacks as you move away!
The kobold brigand hits you with a +2 short sword of venom.
* * * LOW HITPOINT WARNING * * *
You are more poisoned.
Your surroundings suddenly seem different.
You die...

#.# #..........###.#
#.# ###.######.# #.#
##.# #.# #.###.#
...######.# #.....#
..........## #.###.#
#########..# #.# #.#
##########.###########
.....................#
..##...#....####@....#
.###...#....# ###...#
.###..##....#######..#
......###.......[##..#
.....## #...#....###.#
...### #...#....# #.#
.#### ##..##...# #.#
....#### #..####.###.#
.......####..........#


There were no monsters in sight!

Vanquished Creatures
  An ice beast (D:3)
  An ogre (D:3)
  A scorpion (D:3)
  4 adders (D:3)
  4 bats (D:2)
  5 endoplasms
  2 giant cockroaches
  8 goblins
  2 hobgoblins (D:3)
  A quokka (D:1)
  5 ball pythons
  A frilled lizard (D:2)
  5 kobolds
  4 rats
44 creatures vanquished.

Notes
Turn   | Place    | Note
-------+----------+-------------------------------------------
     0 | D:1      | pop123321pop the Demigod Fighter began the quest for the
                  | Orb.
     0 | D:1      | Reached XP level 1. HP: 18/18 MP: 3/3
    75 | D:1      | Reached skill level 2 in Polearms
   233 | D:1      | Reached XP level 2. HP: 25/25 MP: 4/4
   865 | D:2      | Reached skill level 3 in Polearms
  1322 | D:3      | Reached XP level 3. HP: 29/30 MP: 5/5
  1412 | D:3      | Noticed an ice beast
  1413 | D:3      | Noticed an ogre
  1427 | D:3      | Killed an ogre
  1428 | D:3      | Reached skill level 4 in Polearms
  1428 | D:3      | Reached XP level 4. HP: 18/37 MP: 6/6
  1440 | D:3      | Killed an ice beast
  1441 | D:3      | Reached skill level 5 in Polearms
  1441 | D:3      | Reached XP level 5. HP: 9/42 MP: 7/7
  1630 | D:3      | Reached skill level 6 in Polearms
  1886 | D:3      | Found a runed translucent gate.
  1886 | D:3      | Found a runed translucent gate.
  1888 | D:3      | Found a runed translucent gate.
  1888 | D:3      | Noticed jagang's ghost (amateur HOMo)
  1953 | D:3      | Found a transporter.
  1960 | D:3      | Found Xiozorcho's Magic Scroll Emporium.
  1998 | D:3      | Found a transporter.
  2352 | D:3      | HP: 1/42 [kobold brigand/+2 short sword of venom (6)]
  2352 | D:3      | Succumbed to a kobold brigand's poison

Illustrated notes

Levels and vault maps discovered:
D:1:      lightli_arrival_farm, layout_basic
D:2:      wad_lake_hut, layout_basic, basic_altar,
          hellmonk_ecumenical_altar_crossroads
D:3:      minmay_recursive_quarters, layout_loops_ring,
          gammafunk_ghost_nasty_kobolds, serial_shops, nicolae_shop_drivethru

Skill      XL: |  1  2  3  4  5 |
---------------+----------------+-----
Polearms       | 2 3 4 5 6 |  6.0
Fighting       | |  2.6
Armour         | |  2.6
Shields        | |  2.6

Action                     |  1- 3 |  4- 6 || total
---------------------------+-------+-------++-------
  Melee: Trident           |   110 |    54 ||   164
    Use: Potion            |     1 |       ||     1
         Scroll            |       |     3 ||     3
 Armour: Scale mail        |    40 |    41 ||    81
  Dodge: Dodged            |    41 |    45 ||    86
  Block: Buckler           |    10 |    14 ||    24
